 Dungeon Crawl Stone Soup version 0.23-a0-163-g800ba1ec23 (webtiles) character file.

2865 Napalmbreeze the Destroyer (level 9, 0/45 HPs)
             Began as a Deep Elf Ice Elementalist on Sept 9, 2018.
             Was an Elder of Vehumet.
             Slain by a freezing wraith (7 damage)
             ... led by a death knight
             ... on level 8 of the Dungeon.
             The game lasted 00:44:36 (10403 turns).

Napalmbreeze the Destroyer (DEIE)                  Turns: 10403, Time: 00:44:37

Health: 0/45       AC:  3    Str:  5    XL:     9   Next: 47%
Magic:  28/37      EV: 13    Int: 24    God:    Vehumet [****..]
Gold:   401        SH:  0    Dex: 15    Spells: 8/23 levels left

rFire    + . .     SeeInvis .   u - staff of power
rCold    . . .     Gourm    .   (no shield)
rNeg     . . .     Faith    .   a - +0 robe
rPois    .         Spirit   .   (no helmet)
rElec    .         Reflect  .   (no cloak)
rCorr    .         Harm     .   G - +0 pair of gloves
MR       .....                  (no boots)
Stlth    ++........             (no amulet)
HPRegen  0.15/turn              o - ring of flight
MPRegen  0.25/turn              v - ring of protection from fire

@: slowed, very slow
A: no striking features
a: Renounce Religion, Evoke Flight


You were on level 8 of the Dungeon.
You worshipped Vehumet.
Vehumet was greatly pleased with you.
You were not hungry.

You visited 1 branch of the dungeon, and saw 9 of its levels.

You collected 401 gold pieces.

Inventory:

Hand Weapons
 E - a +0 blowgun
Armour
 a - a +0 robe (worn)
 G - a +0 pair of gloves (worn)
Magical Staves
 u - an uncursed staff of power (weapon)
Jewellery
 o - a ring of flight (left hand)
 v - a ring of protection from fire (right hand)
Wands
 k - a wand of polymorph (8)
 y - a wand of disintegration (14)
Scrolls
 b - a scroll of enchant armour {unknown}
 d - a scroll of teleportation {unknown}
 e - 7 scrolls of remove curse
 f - 3 scrolls of immolation {unknown}
 i - a scroll of enchant weapon {unknown}
 l - 4 scrolls of blinking {unknown}
 m - 2 scrolls of random uselessness {unknown}
 t - a scroll of amnesia {unknown}
 w - 4 scrolls of identify {unknown}
 x - a scroll of summoning {unknown}
 z - a scroll of noise {unknown}
 F - 2 scrolls of fog {unknown}
Potions
 g - 2 potions of agility {unknown}
 j - a potion of curing {unknown}
 n - 7 potions of flight {unknown}
 p - a potion of haste {unknown}
 q - a potion of might {unknown}
 r - 2 potions of resistance {unknown}
 s - a potion of degeneration {unknown}
 A - 3 potions of mutation {unknown}
 C - a potion of heal wounds {unknown}
 D - a potion of ambrosia {unknown}
Comestibles
 c - 16 rations
 h - a chunk of flesh


   Skills:
 - Level 2.4 Dodging
 - Level 2.4 Stealth
 + Level 7.8 Spellcasting
 * Level 8.5 Conjurations
 - Level 8.0 Summonings
 + Level 6.7 Ice Magic


You had 8 spell levels left.
You knew the following spells:

 Your Spells              Type           Power        Failure   Level  Hunger
a - Freeze                Ice            ####         1%          1    None
e - Throw Icicle          Conj/Ice       #####...     1%          4    ###....
f - Sticky Flame          Conj/Fire      ####....     3%          4    ###....
q - Summon Ice Beast      Ice/Summ       #####...     3%          4    ###....
s - Throw Frost           Conj/Ice       #####.       1%          2    None

Your spell library contained the following spells:

 Spells                   Type           Power        Failure   Level  Hunger
 Bolt of Draining         Conj/Necr      ####......   9%          5    #####..
 Magic Dart               Conj           ####         1%          1    None
 Call Imp                 Summ           #####...     1%          2    None
 Conjure Flame            Conj/Fire      ####....     1%          3    None
 Mephitic Cloud           Conj/Pois/Air  ###.....     1%          3    None
 Ozocubu's Armour         Chrm/Ice       ####....     4%          3    None
 Blink                    Tloc           N/A          10%         2    None
 Slow                     Hex            #.......     10%         2    None


Dungeon Overview and Level Annotations

Branches:
Dungeon (9/15)             Temple (0/1) D:6
   Lair: D:8-11         Orc: D:9-12

Altars:
Ashenzari
Cheibriados
Elyvilon
Fedhas
Gozag
Kikubaaqudgha
Okawaru
Uskayaw
Vehumet
Wu Jian
The Shining One

Annotations:
D:6 1 runed door, feta's ghost, novice OgHu


Message History

The death knight offers itself to Yredelemnul, and fills with unholy energy.
There is a stone staircase leading up here.
The freezing wraith barely misses you. The freezing wraith hits you.
Your ice beast barely misses the freezing wraith.
You climb upwards.
Your summoned ally is left behind.
There is a stone staircase leading down here.
Casting: Summon Ice Beast (safe; 3% risk of failure)
Confirm with . or Enter, or press ? or * to list all spells.
Okay, then.
Press: ? - help, v - describe, . - travel
Here: a freezing wraith The floor.
Press: ? - help, v - describe, . - travel
Here: a freezing wraith The floor.
The freezing wraith closely misses you. The freezing wraith hits you!
* * * LOW HITPOINT WARNING * * *
The freezing wraith drains your vigour!
You feel yourself slow down. The freezing wraith hits you!
You die...

............#+###........#.....#
................#........#######
.....#..........#........#
................#...##...#
................+...##...#
###...###.......#...###### #
##### #...........# #
#...........# ####....@W..#
######..## #.># ####


You could see a freezing wraith.

Vanquished Creatures
  Sigmund (D:5)
  2 ice beasts (D:8)
  An ogre (D:8)
  A centaur (D:7)
  A bullfrog (D:8)
  2 wights
  A vampire bat (D:6)
  2 crimson imps
  4 hounds
  A jelly (D:6)
  An orc wizard (D:9)
  2 worker ants (D:5)
  A mummy (D:5)
  6 adders
  5 gnolls
  An ooze (D:3)
  2 adder skeletons
  2 worms (D:3)
  7 leopard geckos
  7 orcs
  A ball python (D:2)
  8 bats
  2 bat skeletons (D:6)
  3 bat zombies (D:6)
  5 giant cockroaches
  2 goblins
  10 hobgoblins
  14 jackals
  A quokka (D:6)
  4 frilled lizards
  2 hobgoblin zombies (D:5)
  9 kobolds
  2 kobold zombies (D:5)
  A quokka skeleton (D:4)
  10 rats
124 creatures vanquished.

Vanquished Creatures (collateral kills)
  Joseph (D:7)
  2 hippogriffs (D:7)
  A wraith (D:9)
  2 orc warriors (D:8)
  4 sky beasts
  An ice beast (D:6)
  6 ogres
  A centaur (D:5)
  A bullfrog (D:6)
  Blork the orc (D:5)
  3 scorpions
  4 killer bees (D:7)
  7 wights
  A crimson imp (D:8)
  A jelly (D:8)
  A bullfrog skeleton (D:5)
  2 orc priests
  A bullfrog zombie (D:7)
  A centaur skeleton (D:8)
  5 orc wizards
  2 adders (D:7)
  6 gnolls (D:6)
  A shadow imp (D:7)
  An adder skeleton (D:5)
  19 orcs
  A giant cockroach (D:7)
  4 goblins (D:6)
  3 hobgoblins (D:6)
  5 kobolds (D:6)
  A quokka (D:8)
  A jackal skeleton (D:6)
90 creatures vanquished.

Grand Total: 214 creatures vanquished

Notes
Turn   | Place    | Note
-------+----------+-------------------------------------------
     0 | D:1      | Napalmbreeze the Deep Elf Ice Elementalist began the quest
                  | for the Orb.
     0 | D:1      | Reached XP level 1. HP: 10/10 MP: 6/6
   132 | D:1      | Reached XP level 2. HP: 13/15 MP: 4/8
   136 | D:1      | Learned a level 2 spell: Throw Frost
  1110 | D:2      | Reached XP level 3. HP: 19/19 MP: 1/10
  1257 | D:2      | Found a white marble altar of Elyvilon.
  1320 | D:2      | Found a blossoming altar of Fedhas.
  1365 | D:2      | Found a radiant altar of Vehumet.
  1384 | D:2      | Became a worshipper of Vehumet
  1449 | D:2      | Found a snail-covered altar of Cheibriados.
  1936 | D:3      | Reached XP level 4. HP: 23/24 MP: 0/11
  2034 | D:3      | Learned a level 4 spell: Throw Icicle
  2548 | D:3      | Found a hide-covered altar of Uskayaw.
  2833 | D:3      | Learned a level 4 spell: Summon Ice Beast
  3378 | D:4      | Reached * piety under Vehumet
  3378 | D:4      | Offered knowledge of Magic Dart by Vehumet.
  3379 | D:4      | Reached XP level 5. HP: 28/28 MP: 4/13
  3612 | D:4      | Noticed an ogre
  3630 | D:4      | Killed an ogre
  3630 | D:4      | Reached skill level 1 in Summonings
  3986 | D:4      | Noticed a phantom
  4536 | D:5      | Entered Level 5 of the Dungeon
  4546 | D:5      | Reached XP level 6. HP: 32/32 MP: 15/15
  4688 | D:4      | Reached skill level 5 in Spellcasting
  5006 | D:5      | Noticed Blork the orc
  5017 | D:5      | Killed Blork the orc
  5017 | D:5      | Reached skill level 5 in Ice Magic
  5040 | D:5      | Reached skill level 5 in Conjurations
  5254 | D:5      | Reached XP level 7. HP: 36/36 MP: 17/17
  5279 | D:5      | Noticed Sigmund
  5388 | D:5      | Killed Sigmund
  5785 | D:5      | Reached skill level 5 in Summonings
  5912 | D:5      | Reached ** piety under Vehumet
  5912 | D:5      | Offered knowledge of Sting by Vehumet.
  6007 | D:6      | Found a staircase to the Ecumenical Temple.
  6203 | D:6      | Noticed a spatial vortex
  6455 | D:6      | Found a shattered altar of Ashenzari.
  6527 | D:6      | Reached XP level 8. HP: 41/41 MP: 18/18
  6990 | D:6      | Offered knowledge of Searing Ray by Vehumet.
  7397 | D:6      | Found an opulent altar of Gozag.
  7438 | D:6      | Found an iron altar of Okawaru.
  7529 | D:6      | Found a runed door.
  7537 | D:6      | Noticed feta's ghost (novice OgHu)
  7604 | D:6      | Found an ancient bone altar of Kikubaaqudgha.
  7678 | D:7      | Reached *** piety under Vehumet
  7758 | D:7      | Noticed a hippogriff
  7765 | D:7      | Killed a hippogriff
  8015 | D:7      | Offered knowledge of Sticky Flame by Vehumet.
  8021 | D:7      | Learned a level 4 spell: Sticky Flame
  8872 | D:7      | Noticed a hippogriff
  8878 | D:7      | Noticed Joseph
  8882 | D:7      | Killed a hippogriff
  8901 | D:7      | Killed Joseph
  8901 | D:7      | Reached XP level 9. HP: 45/45 MP: 21/21
  9025 | D:8      | Reached **** piety under Vehumet
  9668 | D:8      | Found an ornate altar of the Wu Jian Council.
  9741 | D:8      | Offered knowledge of Bolt of Draining by Vehumet.
  9934 | D:8      | Found a glowing golden altar of the Shining One.
 10322 | D:9      | Noticed a freezing wraith
 10323 | D:9      | Noticed a skeletal warrior
 10384 | D:9      | Noticed a death knight
 10403 | D:8      | Slain by a freezing wraith

Vault maps used:
D:1:      dpeg_arrival_chambers_temple_mockup
D:2:      fedhas_altar_2, marbit_many_paths, nicolae_overflow_crystal_walls,
          first_ration, cheibriados_altar_1
D:3:      overflow_temple_1_default
D:4:      amethyst_killhole
D:5:      minmay_mini_ossuary, uniq_sigmund, uniq_blork_the_orc
D:6:      corexii_shantytown, grunt_gozag_statues, kennysheep_vampire_church,
          lemuel_round_altar, overflow_temple_1_default, temple_statues,
          ebering_ghost_sewer_d
D:7:      st_stairs_4, uniq_joseph
D:8:      kennysheep_little_box, tso_altar

Skill      XL: |  1  2  3  4  5  6  7  8  9 |
---------------+----------------------------+-----
Conjurations   | 2 3 4 5 7 8 |  8.5
Ice Magic      | 4 5 6 |  6.7
Spellcasting   | 4 5 6 7 |  7.8
Summonings     | 1 2 6 7 8 |  8.0
Dodging        | |  2.4
Stealth        | |  2.4

Action                   |  1- 3 |  4- 6 |  7- 9 || total
-------------------------+-------+-------+-------++-------
Melee: Club              |     9 |       |       ||     9
       Unarmed           |     1 |       |       ||     1
       Staff             |       |     3 |     6 ||     9
 Cast: Freeze            |    34 |    46 |    69 ||   149
       Throw Frost       |    28 |    54 |    27 ||   109
       Throw Icicle      |       |    17 |    16 ||    33
       Summon Ice Beast  |       |     7 |    83 ||    90
       Sticky Flame      |       |       |     7 ||     7
  Use: Scroll            |       |     1 |       ||     1
  Eat: Chunk             |     4 |     8 |    23 ||    35
       Ration            |       |     2 |     1 ||     3
Armor: Robe              |    12 |     7 |    78 ||    97
Dodge: Dodged            |    31 |    35 |   227 ||   293

Table legend:
 A = Non-vault XP
 B = Vault XP
 C = Vault XP percentage of total XP
 D = Non-vault monster count
 E = Vault monster count
 F = Vault count percentage of total count
                 A         B        C        D         E       F
            +---------+---------+-------+---------+---------+-------
      Total |    3434 |     660 |  16.1 |     166 |      48 |  22.4
            +---------+---------+-------+---------+---------+-------
        D:1 |      29 |       0 |   0.0 |      16 |       0 |   0.0
        D:2 |      56 |       1 |   1.8 |      19 |       1 |   5.0
        D:3 |     104 |       0 |   0.0 |      23 |       0 |   0.0
        D:4 |     244 |       0 |   0.0 |      13 |       0 |   0.0
        D:5 |     514 |     242 |  32.0 |      25 |       7 |  21.9
        D:6 |     313 |     162 |  34.1 |       9 |      38 |  80.9
        D:7 |     913 |     255 |  21.8 |      26 |       2 |   7.1
        D:8 |     982 |       0 |   0.0 |      26 |       0 |   0.0
        D:9 |     279 |       0 |   0.0 |       9 |       0 |   0.0
            +---------+---------+-------+---------+---------+-------
